 Dungeon Crawl Stone Soup version 0.30-a0-860-g512cf1e979 (webtiles) character file.

Game seed: 5185857680543922067

8152 jasper the Grappler (level 11, -5/89 HPs)
             Began as a Demonspawn Fighter on Mar 7, 2023.
             Was a Follower of Cheibriados.
             Slain by a shadow (22 damage)
             ... on level 9 of the Dungeon.
             The game lasted 00:20:01 (12033 turns).

jasper the Grappler (Demonspawn Fighter)           Turns: 12033, Time: 00:20:01

Health: -5/89      AC:  6    Str: 29    XL:     11   Next: 6%
Magic:  11/11      EV: 10    Int: 13    God:    Cheibriados [*.....]
Gold:   579        SH: 16    Dex: 17    Spells: 10/10 levels left

rFire   . . .      SeeInvis .      - Unarmed
rCold   . . .      Faith    .    s - +0 kite shield of Geesef {Str+4}
rNeg    . . .      Spirit   .    G - +1 steam dragon scales
rPois   .          Reflect  +    (helmet restricted)
rElec   .          Rampage  .    (no cloak)
rCorr   +                        (gloves unavailable)
Will    .....                    (no boots)
Stlth   ++                       B - amulet of reflection
HPRegen 0.34/turn                u - +6 ring of strength
MPRegen 0.12/turn                z - ring of resist corrosion

@: marked, on berserk cooldown, slowed, very slow
A: antennae 2, claws 3, spiny 1, weakness stinger 1
a: Renounce Religion, Bend Time


You were on level 9 of the Dungeon.
You worshipped Cheibriados.
Cheibriados was aware of your devotion.
You visited 2 branches of the dungeon, and saw 10 of its levels.

You collected 579 gold pieces.

Inventory:

Hand Weapons
 a - a +1 war axe
Missiles
 g - 68 stones (quivered)
 t - 12 poisoned darts
 J - a silver boomerang
Armour
 b - a +0 scale mail
 c - a +1 buckler
 j - a +0 plate armour
 q - a +0 ring mail
 s - the +0 kite shield of Geesef (worn) {Str+4}
   (You found it on level 3 of the Dungeon)

   Str:       It affects your strength (+4).
 G - +1 steam dragon scales (worn)
Jewellery
 h - a ring of flight
 u - a +6 ring of strength (left claw)
 z - a ring of resist corrosion (right claw)
 B - an amulet of reflection (around neck)
 H - the amulet "Teemn" {RegenMP rElec rN++ Dex-5 Stlth+}
   (You found it on level 6 of the Dungeon)

   [amulet of magic regeneration]

   It increases your rate of magic regeneration.
   Dex:       It affects your dexterity (-5).
   rElec:     It insulates you from electricity.
   rN:        It greatly protects you from negative energy.
   Stlth:     It makes you more stealthy.
Wands
 w - a wand of charming (7)
 A - a wand of acid (5)
 F - a wand of roots (5)
Scrolls
 f - 3 scrolls of identify
 k - a scroll of summoning
 m - 3 scrolls of fog
 o - a scroll of enchant weapon
 p - 7 scrolls of teleportation
 y - a scroll of poison
 D - a scroll of torment
 L - a scroll of noise
Potions
 d - 4 potions of might
 e - 2 potions of cancellation
 l - a potion of curing
 n - a potion of magic
 r - a potion of mutation
 v - a potion of brilliance
 x - 2 potions of attraction
 C - a potion of ambrosia
 E - a potion of heal wounds
 K - a potion of lignification {unknown}


   Skills:
 + Level 9.5 Fighting
 - Level 4.0 Axes
 - Level 2.6 Armour
 + Level 8.7 Shields
 - Level 10.0 Unarmed Combat


You had 10 spell levels left.
You didn't know any spells.
Your spell library contained the following spells:

 Spells                   Type           Power      Damage    Failure   Level
 Slow                     Hex            0%         N/A       58%         1
 Ensorcelled Hibernation  Hex/Ice        0%         N/A       73%         2
 Passwall                 Tmut/Erth      0%         N/A       73%         2
 Poisonous Vapours        Pois/Air       0%         N/A       73%         2
 Confusing Touch          Hex            0%         N/A       91%         3
 Frozen Ramparts          Ice            0%         1d1       91%         3
 Ozocubu's Armour         Ice            0%         N/A       91%         3
 Swiftness                Air            0%         N/A       91%         3
 Vampiric Draining        Necr           0%         2d6       91%         3
 Ice Form                 Ice/Tmut       0%         N/A       100%        4
 Manifold Assault         Tloc           0%         N/A       100%        4
 Summon Ice Beast         Ice/Summ       0%         N/A       100%        4
 Fireball                 Conj/Fire      0%         3d3       100%        5
 Iskenderun's Battlesphe  Conj           0%         2d6       100%        5
 Conjure Ball Lightning   Conj/Air       0%         3x3d6     100%        6
 Dispersal                Tloc           0%         N/A       100%        6
 Simulacrum               Ice/Necr       0%         N/A       100%        6
 Orb of Destruction       Conj           0%         9d5       100%        7
 Disjunction              Tloc           0%         N/A       100%        8


Dungeon Overview and Level Annotations

Branches:
Dungeon (9/15)             Temple (1/1) D:6
   Lair: D:8-11         Orc: D:9-12

Altars:
Ashenzari
Cheibriados
Dithmenos
Gozag
Hepliaklqana
Kikubaaqudgha
Makhleb
Nemelex Xobeh
Okawaru
Qazlal
Ru
Sif Muna
Uskayaw
Vehumet
Wu Jian
Xom
Yredelemnul

Annotations:
D:4 1 runed translucent door
D:7 3 runed translucent doors, Selderis's ghost, novice MiFi
D:9 Maggie


Innate Abilities, Weirdness & Mutations

You have a pair of antennae on your head.
You have claws for hands.
You are partially covered in sharp spines.
You have a small tail.


Message History

The orc warrior looks frightened!
The killer bee looks frightened!
A killer bee comes into view.
Cornered, the killer bee turns to fight!
A two-headed ogre comes into view.
It is wielding a +0 giant spiked club and a +0 giant club.
You block the killer bee's attack.
Maggie the Vainglorious comes into view.
She is wielding a +0 broad axe of flaming.
The shadow slips into darkness.
The shadow flickers and vanishes!
Deactivating autopickup; reactivate with Ctrl-A.
A centaur comes into view. It is wielding a +0 quarterstaff.
Items here: ))) [ †.
You scratch the killer bee.
The killer bee is severely wounded.
You block the killer bee's attack. x2
Maggie gestures wildly while chanting.
Maggie attempts to bespell you! You resist with some effort.
You block the killer bee's attack. The killer bee barely misses you.
An orc priest comes into view. It is wielding a +0 trident.
You mangle the killer bee!!
You kill the killer bee!
Cheibriados thoroughly appreciates the change of pace.
You block the killer bee's attack. x2
The two-headed ogre is struck by your spines.
The two-headed ogre hits you with a +0 giant spiked club!
* * * LOW HITPOINT WARNING * * *
The two-headed ogre hits you but does no damage.
Maggie casts a spell.
Maggie attempts to bespell you!
You are mesmerised by Maggie!
The killer bee is struck by your spines.
The killer bee stings you.
* * * LOW HITPOINT WARNING * * *
You take 20 damage, and have 16/89 hp.
MASSIVE DAMAGE!!
As you read the scroll of fear, it crumbles to dust.
You assume a fearsome visage.
The orc priest looks frightened!
The centaur looks frightened!
Maggie looks frightened!
The killer bee looks frightened! x2; The two-headed ogre looks frightened!
You are no longer entranced.
The shadow strikes at you from the darkness!
You die...

#{ ##### og
#####...$ Y
..##.##. #c
####.##.##. .#
{.o.y#.#.. .#
#..#.##.#.##
#.<)..##...###[[
#.@[..).......#
##.{.[..........
#O#.#.#####.#..
#.#c#.# # #
#.....#
...#####.#.#.#
#.....)@###..#
.....c##.# #...
#..#. ..# ##..


You could see Maggie (fleeing), a two-headed ogre (fleeing), a centaur
(fleeing), a killer bee (fleeing) and an orc priest (fleeing).

Vanquished Creatures
  Harold (D:9)
  A two-headed ogre (D:9)
  The ghost of zenocrate the Insei, an amateur OpTm (D:4)
  A wraith (D:9)
  2 wyverns
  7 yaks
  4 steam dragons
  A water moccasin (D:6)
  6 orc warriors
  A sky beast (D:7)
  2 ice beasts
  A black bear (D:5)
  2 ogres
  4 centaurs
  2 phantoms (D:7)
  3 kobold brigands
  7 bullfrogs
  A gnoll sergeant (D:9)
  2 scorpions (D:5)
  8 wights
  14 killer bees
  4 jellies
  2 howler monkeys
  7 hounds
  3 gnoll boudas
  7 orc priests
  Ijyb (D:3)
  5 iguanas
  7 orc wizards
  A mummy (D:8)
  11 adders
  A river rat (D:4)
  A shadow imp (D:7)
  A white imp (D:5)
  A worm (D:4)
  7 dart slugs
  23 orcs
  11 ball pythons
  A bat zombie (D:2)
  12 endoplasms
  6 giant cockroaches
  14 goblins
  5 hobgoblins
  6 jackals
  16 kobolds
  8 quokkas
  9 bats
  2 frilled lizards
  A jackal zombie (D:2)
  A quokka skeleton (D:2)
  A quokka zombie (D:2)
  6 rats
252 creatures vanquished.

Vanquished Creatures (others)
  An orc (D:7)
  2 withered plants (D:2)
3 creatures vanquished.

Grand Total: 255 creatures vanquished

Notes
Turn   | Place    | Note
-------+----------+-------------------------------------------
     0 | D:1      | jasper the Demonspawn Fighter began the quest for the Orb.
     0 | D:1      | Reached XP level 1. HP: 18/18 MP: 1/1
   172 | D:1      | Gained mutation: You are partially covered in sharp spines.
                  | [demonic ancestry]
   172 | D:1      | Reached XP level 2. HP: 19/24 MP: 2/2
   731 | D:1      | Reached XP level 3. HP: 26/29 MP: 3/3
  1203 | D:1      | Discovered your monstrous ancestry.
  1203 | D:1      | Gained mutation: You have a small tail. [demonic ancestry]
  1203 | D:1      | Reached XP level 4. HP: 15/35 MP: 4/4
  1824 | D:2      | Reached skill level 1 in Unarmed Combat
  2061 | D:3      | Gained mutation: You have a pair of small antennae on your
                  | head. [demonic ancestry]
  2061 | D:3      | Reached XP level 5. HP: 34/41 MP: 5/5
  2641 | D:3      | Identified the +0 kite shield of Geesef {Str+4}
  2791 | D:3      | Found a faded altar of an unknown god.
  3071 | D:3      | Noticed Ijyb
  3103 | D:3      | Killed Ijyb
  3104 | D:3      | Reached skill level 2 in Unarmed Combat
  3484 | D:4      | Gained mutation: You have sharp fingernails. [demonic
                  | ancestry]
  3484 | D:4      | Reached XP level 6. HP: 32/48 MP: 6/6
  3755 | D:4      | Found a runed translucent door.
  3759 | D:4      | Noticed zenocrate's ghost (amateur OpTm)
  3830 | D:4      | Found an opulent altar of Gozag.
  3830 | D:4      | Found a stormy altar of Qazlal.
  3832 | D:4      | Found a burning altar of Makhleb.
  3832 | D:4      | Found a sparkling altar of Nemelex Xobeh.
  3973 | D:4      | Found a runed translucent door.
  3997 | D:4      | Killed zenocrate's ghost
  3998 | D:4      | Reached skill level 3 in Unarmed Combat
  4261 | D:5      | Entered Level 5 of the Dungeon
  4267 | D:5      | Gained mutation: You have very sharp fingernails. [demonic
                  | ancestry]
  4267 | D:5      | Reached XP level 7. HP: 52/55 MP: 7/7
  4426 | D:5      | Reached skill level 4 in Unarmed Combat
  4789 | D:5      | Reached skill level 5 in Fighting
  5166 | D:5      | Reached skill level 5 in Unarmed Combat
  5353 | D:6      | Gained mutation: You have claws for hands. [demonic
                  | ancestry]
  5353 | D:6      | Reached XP level 8. HP: 60/62 MP: 8/8
  5698 | D:6      | Reached skill level 5 in Shields
  6054 | D:6      | Found a staircase to the Ecumenical Temple.
  6070 | Temple   | Entered the Ecumenical Temple
  6210 | D:6      | Reached skill level 6 in Unarmed Combat
  6515 | D:6      | Identified the amulet "Teemn" {RegenMP rElec rN++ Dex-5
                  | Stlth+}
  6807 | D:6      | Reached skill level 7 in Unarmed Combat
  6807 | D:6      | Reached XP level 9. HP: 44/70 MP: 9/9
  7407 | D:7      | Found a runed translucent gate.
  7408 | D:7      | Found a runed translucent gate.
  7409 | D:7      | Found a runed translucent gate.
  7411 | D:7      | Noticed Selderis's ghost (novice MiFi)
  7609 | D:7      | Reached skill level 8 in Unarmed Combat
  8075 | D:7      | Got the Secrets of the Frostbitten Scorpion
  9133 | D:8      | Reached XP level 10. HP: 63/79 MP: 10/10
  9145 | D:7      | Reached skill level 9 in Unarmed Combat
 10180 | D:8      | Found a snail-covered altar of Cheibriados.
 10188 | D:8      | Became a worshipper of Cheibriados the Contemplative
 10916 | D:9      | Found a radiant altar of Vehumet.
 11514 | D:8      | Reached skill level 10 in Unarmed Combat
 11518 | D:8      | Reached * piety under Cheibriados
 11973 | D:9      | Noticed a two-headed ogre
 11979 | D:9      | Killed a two-headed ogre
 12006 | D:9      | Noticed Harold
 12015 | D:9      | Killed Harold
 12016 | D:9      | Gained mutation: You have a pair of antennae on your head.
                  | [demonic ancestry]
 12016 | D:9      | Reached XP level 11. HP: 42/89 MP: 11/11
 12030 | D:9      | Noticed a two-headed ogre
 12030 | D:9      | Noticed Maggie
 12033 | D:9      | Slain by a shadow

Illustrated notes

Levels and vault maps discovered:
D:1:      minmay_arrival_loop, layout_basic, minmay_box_of_dots
D:2:      wander_river, layout_rooms, serial_undead, serial_undead_e,
          serial_undead_d, serial_undead_b, serial_undead_d,
          ebering_dispersal_statue_hall, minmay_indecisive_spiral
D:3:      kennysheep_goblin_castle, layout_basic, ebering_ecumenical_altar_hall
D:4:      layout_basic, mainiacjoe_overflow_alcove_3, ebering_ghost_sewer_f,
          portal_sewer_entry_e, minmay_close_crescents
D:5:      layout_basic, kennysheep_generic_room_8
D:6:      layout_gridville, minmay_temple_entry_overgrown
D:7:      minmay_spotlight, layout_cave_pools, biasface_ghost_orc_armoury,
          chequers_serial_rivers_room_a, minmay_misc_feat_ornament,
          minmay_checkerbox
D:8:      layout_gridville, chei_slow_surprise
D:9:      nicolae_cairo_tiling, layout_loops_ring, trog_hazing_becter,
          mainiacjoe_overflow_concentric_impassable,
          nicolae_vehumet_altar_sigil, minmay_orc_entry_temple_small,
          minmay_alternating_orb, uniq_harold, uniq_maurice, uniq_maggie
Temple:   nicolae_temple_god_jail

Skill      XL: |  1  2  3  4  5  6  7  8  9 10 |
---------------+-------------------------------+-----
Axes           | 2 3 4 |  4.0
Shields        | 3 4 5 7 8 |  8.7
Unarmed Combat | 1 2 3 5 7 8 10 | 10.0
Fighting       | 4 5 6 7 9 |  9.5
Armour         | |  2.6

Action                     |  1- 3 |  4- 6 |  7- 9 | 10-12 || total
---------------------------+-------+-------+-------+-------++-------
  Melee: War axe           |    52 |   100 |       |       ||   152
         Tailslap          |       |    11 |    19 |    25 ||    55
         Unarmed           |       |    43 |   185 |   171 ||   399
  Throw: Boomerang         |    34 |    12 |   101 |       ||   147
         Stone             |       |     1 |     6 |    42 ||    49
  Evoke: Wand              |       |       |       |     6 ||     6
    Use: Scroll            |     4 |    10 |     7 |     4 ||    25
         Potion            |       |     1 |       |     4 ||     5
 Armour: Scale mail        |    31 |     6 |       |       ||    37
         Ring mail         |       |    34 |    20 |       ||    54
         Steam dragon scal |       |       |    20 |    29 ||    49
  Dodge: Dodged            |    27 |    51 |    69 |    62 ||   209
  Block: Buckler           |    19 |    12 |       |       ||    31
         Kite shield       |       |    33 |    84 |   202 ||   319
         Reflection        |       |       |     5 |    22 ||    27

Table legend: (Time is in decaauts)
 A = Elapsed time spent in this place.
 B = Non-inter-level travel time spent in this place.
 C = Inter-level travel time spent in this place.
 D = Time resting spent in this place.
 E = Time spent auto-exploring this place.
 F = Levels seen in this place.
 G = Mean time per level.
                   A        B        C        D        E       F      G
               +--------+--------+--------+--------+--------+-----+--------+
         Total |  12385 |  11703 |    682 |   4141 |   5326 |  10 | 1238.5 |
       Dungeon |  12331 |  11661 |    670 |   4141 |   5295 |   9 | 1370.1 |
        Temple |     54 |     42 |     12 |      0 |     31 |   1 |   54.0 |
               +--------+--------+--------+--------+--------+-----+--------+

Top non-repeatable levels by time:
     D:8: 2468 daAuts
     D:7: 2046 daAuts
     D:6: 1516 daAuts
     D:3: 1442 daAuts
     D:5: 1217 daAuts
     D:1: 1181 daAuts
     D:2: 991 daAuts
     D:4: 767 daAuts
     D:9: 698 daAuts
  Temple: 54 daAuts
